 Dungeon Crawl Stone Soup version 0.22-a0-305-gd21a89c (webtiles) character file.

203 b5mith the Skirmisher (level 5, -2/47 HPs)
             Began as a Minotaur Berserker on Mar 30, 2018.
             Was a Believer of Trog.
             Succumbed to Terra's ghost's poison
             ... while paralysed
             ... on level 3 of the Dungeon.
             The game lasted 00:04:16 (1810 turns).

b5mith the Skirmisher (Minotaur Berserker)          Turns: 1810, Time: 00:04:16

Health: -2/47      AC: 10    Str: 23    XL:     5   Next: 51%
Magic:  4/4        EV:  2    Int:  4    God:    Trog [**....]
Gold:   131        SH:  0    Dex:  9    Spells: 4/4 levels left

rFire    . . .     SeeInvis .   a - +2 mace (protect)
rCold    . . .     Gourm    .   (no shield)
rNeg     . . .     Faith    .   r - +0 chain mail
rPois    .         Spirit   .   (helmet restricted)
rElec    .         Reflect  .   (no cloak)
rCorr    .         Harm     .   n - +0 pair of gloves
MR       .....                  (no boots)
Stlth    ..........             (no amulet)
HPRegen  0.15/turn              (no ring)
MPRegen  0.09/turn              (no ring)

@: paralysed, lethally poisoned (-2 -> -48), berserk cooldown, slowed
A: retaliatory headbutt, horns 2
a: Berserk, Trog's Hand, Renounce Religion


You were on level 3 of the Dungeon.
You worshipped Trog.
Trog was pleased with you.
You were not hungry.

You visited 1 branch of the dungeon, and saw 3 of its levels.

You collected 131 gold pieces.

Inventory:

Hand Weapons
 a - a +2 mace of protection (weapon)
 q - a +0 flail
 w - a +0 falchion
Missiles
 i - 47 stones (quivered)
 m - 4 javelins
Armour
 b - a +0 animal skin
 n - a +0 pair of gloves (worn)
 r - a +0 chain mail (worn)
Jewellery
 p - an uncursed amulet of faith {unknown}
 t - an uncursed amulet of faith {unknown}
Scrolls
 f - 3 scrolls of enchant armour {unknown}
 g - 2 scrolls of remove curse {unknown}
 h - a scroll of teleportation {unknown}
 k - a scroll of magic mapping {unknown}
 o - a scroll of identify {unknown}
Potions
 d - a potion of curing {unknown}
 e - a potion of mutation {unknown}
 j - a potion of brilliance {unknown}
 l - a potion of berserk rage {unknown}
 s - a potion of heal wounds {unknown}
Comestibles
 c - 2 rations


   Skills:
 + Level 4.7 Fighting
 - Level 4.0 Long Blades
 * Level 3.0 Maces & Flails
 + Level 3.9 Armour
 + Level 3.5 Dodging


You had 4 spell levels left.
You didn't know any spells.

Dungeon Overview and Level Annotations

Branches:
Dungeon (3/15)

Altars:
Elyvilon
Fedhas


Innate Abilities, Weirdness & Mutations

You reflexively headbutt those who attack you in melee.
You have a pair of horns on your head.


Message History

Butcher an adder corpse? [(y)es/(n)o/(a)ll/(q)uit/?]
You butcher the adder corpse.
You feel a strong urge to attack something.
You stop butchering the corpse.
* * * LOW HITPOINT WARNING * * *
You feel very sick.
Eat a chunk of flesh? (ye/n/q)
You eat the chunk of flesh.
This raw flesh tastes terrible.
* * * LOW HITPOINT WARNING * * *
You feel very sick.
There is a lethal amount of poison in your body!
There is a lethal amount of poison in your body!
There is a lethal amount of poison in your body!
You are too berserk!
You feel your anger nearly subside.
You are no longer berserk.
You pass out from exhaustion.
You feel yourself slow down.
* * * LOW HITPOINT WARNING * * *
You feel sick.
You die...

#..###..# .# ≈≈≈≈
#..# #..# .# ..≈≈
#..# #..# .# ...≈≈
#..# #..####(# ##
....≈ #..###.......#
.#
.....≈#..##...###..#
.# .....≈#..##.###
#..# .#
(.⌠...'..##.# #..#
.# .l...≈#@###.#
#..# .# .....
#(###<#####..# .#
.... #....#.......#
..: #...#.########
.. #...#.# ≈ #.>##.#
#..##.# .## #..##.#
... #..##.#


There were no monsters in sight!

Vanquished Creatures
  The ghost of Terra the Chopper, an amateur DsGl (D:3)
  4 gnolls (D:2)
  4 adders
  A worm (D:3)
  A dart slug (D:2)
  2 leopard geckos
  9 bats
  2 giant cockroaches
  2 goblins
  7 hobgoblins
  5 kobolds
  A quokka (D:2)
  3 frilled lizards
  5 rats
47 creatures vanquished.

Notes
Turn   | Place    | Note
-------+----------+-------------------------------------------
     0 | D:1      | b5mith the Minotaur Berserker began the quest for the Orb.
     0 | D:1      | Reached XP level 1. HP: 19/19 MP: 0/0
   275 | D:1      | Reached XP level 2. HP: 27/27 MP: 1/1
   947 | D:2      | Reached XP level 3. HP: 33/33 MP: 2/2
  1003 | D:2      | Reached skill level 1 in Maces & Flails
  1026 | D:2      | Found a blossoming altar of Fedhas.
  1257 | D:2      | Reached XP level 4. HP: 19/40 MP: 3/3
  1500 | D:2      | Reached ** piety under Trog
  1575 | D:2      | Found a white marble altar of Elyvilon.
  1787 | D:3      | Noticed Terra's ghost (amateur DsGl)
  1805 | D:3      | Killed Terra's ghost
  1805 | D:3      | Reached XP level 5. HP: 18/47 MP: 4/4
  1809 | D:3      | HP: 2/47 [poisoned by Terra's ghost]
  1810 | D:3      | Succumbed to Terra's ghost's poison

Vault maps used:
D:1:      lightli_arrival_maybe_door_vault
D:2:      elyvilon_altar_5, fedhas_altar_2
D:3:      nicolae_gozag_seed_capital, kennysheep_generic_room_2, uniq_natasha

Skill      XL: |  1  2  3  4 |
---------------+-------------+-----
Long Blades    | 4 |  4.0
Fighting       | 4 |  4.7
Armour         | 3 |  3.9
Maces & Flails | 1 3 |  3.0
Dodging        | 3 |  3.5

Action                   |  1- 3 |  4- 6 || total
-------------------------+-------+-------++-------
Melee: Falchion          |    39 |       ||    39
       Headbutt          |    13 |     4 ||    17
       Mace              |     8 |    36 ||    44
Invok: Berserk           |       |     1 ||     1
  Eat: Chunk             |     1 |     3 ||     4
Armor: Animal skin       |     8 |     5 ||    13
       Chain mail        |       |    13 ||    13
Dodge: Dodged            |    38 |    26 ||    64
       Rpst.: Falchion   |    10 |       ||    10

Table legend:
 A = Spawn XP
 B = Non-spawn XP
 C = Spawn XP percentage of total XP
 D = Spawn monster count
 E = Non-spawn monster count
 F = Spawn count percentage of total count
 G = Total turns spent on level
                    A         B        C        D         E        F      G
               +---------+---------+-------+---------+---------+-------+---------
         Total |       0 |     291 |   0.0 |       0 |      47 |   0.0 |  1810
               +---------+---------+-------+---------+---------+-------+---------
           D:1 |       0 |      29 |   0.0 |       0 |      18 |   0.0 |   944
           D:2 |       0 |     124 |   0.0 |       0 |      22 |   0.0 |   722
           D:3 |       0 |     138 |   0.0 |       0 |       7 |   0.0 |   144
               +---------+---------+-------+---------+---------+-------+---------
